 Dungeon Crawl Stone Soup version 0.18.1-6-gd335043 (webtiles) character file.

350 HungrySpirit the Basher (level 6, -7/57 HPs)
             Began as an Ogre Arcane Marksman on May 15, 2016.
             Mangled by a worker ant (8 damage)
             ... on level 4 of the Dungeon.
             The game lasted 00:09:54 (5557 turns).

HungrySpirit the Basher (Ogre Arcane Marksman)      Turns: 5557, Time: 00:09:55

Health: -7/57      AC:  4    Str: 19    XL:     6   Next: 61%
Magic:  7/7        EV: 10    Int: 17    God:
Gold:   161        SH:  0    Dex:  9    Spells: 1 memorised, 6 levels left

rFire  . . .     SeeInvis .     n - +0 flail
rCold  . . .     Gourm    .     a - +0 robe
rNeg   . . .     Faith    .     (no shield)
rPois  .         Spirit   .     (helmet restricted)
rElec  .         Dismiss  .     w - +0 cloak
rCorr  .         Reflect  .     (gloves unavailable)
SustAt .         Harm     .     (boots unavailable)
MR     .....                    o - amulet of regeneration
Stlth  ++........               j - ring of stealth
                                s - +5 ring of intelligence

@: lethally poisoned (-7 -> -9), not resistant to hostile enchantments,
unstealthy
A: unfitting armour, tough skin 1
a: no special abilities


You were on level 4 of the Dungeon.
You were not hungry.

You visited 1 branch of the dungeon, and saw 4 of its levels.

You collected 161 gold pieces.

Inventory:

Hand Weapons
 n - a +0 flail (weapon)
Missiles
 r - a large rock (quivered)
Armour
 a - a +0 robe (worn)
 w - a +0 cloak (worn)
Jewellery
 j - a ring of stealth (right hand)
 o - an amulet of regeneration (around neck)
 s - a +5 ring of intelligence (left hand)
Wands
 c - a wand of lightning (5/15)
 v - a wand of iceblast (11/15)
Scrolls
 e - 2 scrolls of magic mapping
 k - 2 scrolls of identify
 p - 2 scrolls of remove curse {unknown}
 q - a scroll of enchant weapon {unknown}
 t - 2 scrolls of teleportation {unknown}
 x - a scroll of immolation {unknown}
Potions
 l - a potion of mutation
Books
 b - a book of Debilitation

   Spells                             Type                      Level
   a - Corona                         Hexes                        1
   b - Slow                           Hexes                        2
   c - Gell's Gravitas                Hexes/Translocation          3
   d - Inner Flame                    Hexes/Fire                   3
   e - Cause Fear                     Hexes                        4
   f - Leda's Liquefaction            Hexes/Earth                  4
Comestibles
 f - a bread ration
 h - a meat ration
 u - a slice of pizza
 z - a chunk of flesh


   Skills:
 - Level 1.8 Fighting
 * Level 8.2 Maces & Flails
 - Level 2.2 Throwing
 - Level 1.7 Dodging
 - Level 1.2 Spellcasting
 - Level 2.1 Hexes


You had 6 spell levels left.
You knew the following spells:

 Your Spells              Type           Power        Failure   Level  Hunger
a - Corona                Hex            #......      12%         1    ##.....


Dungeon Overview and Level Annotations

Branches:
Dungeon (4/15)
 Temple: D:4-7

Altars:
Nemelex Xobeh
Pakellas
Qazlal
Xom
The Shining One

Annotations:
D:4 Edmund


Innate Abilities, Weirdness & Mutations

You are too large for most types of armour.
You have tough skin (AC +1).


Message History

Unknown command.
* * * LOW HITPOINT WARNING * * *
You feel sick.
Unknown command.
* * * LOW HITPOINT WARNING * * *
You feel sick.
Found 13 gold pieces.
You see here a large shield.
Unknown command.
* * * LOW HITPOINT WARNING * * *
You feel sick.
Unknown command.
Read which item? (? for menu, Esc to quit)
As you read the scroll labeled QIDUCA DODGH, it crumbles to dust.
It is a scroll of recharging.
Charge which item? (? for menu, Esc to quit)
Your wand of iceblast (8/15) glows for a moment and now has 11 charges.
* * * LOW HITPOINT WARNING * * *
You feel sick. The worker ant bites you!
You die...

.#,,,* *,,,,,* *,,,,,,,, .#,,,*
#.....* ***##**+****,,
.#,,,****#.....* *.$...,,,,,*,,
.#,,,,,,,+.....* *.....,,,,,***
.#,,,,,,,#.....#####.....,,,,,,,,
##,,,**,,#...............,,,,,,,,
.#,,,**,,#...............,,,,,,,,
.#,,,,,,,#...............,,,,,,,,
.#,,,,>,,#.....b@........*****,,,
.#,,,,,,,#......aW.......+,,,*,,,
.#,,,**,,#.b...@.........*,,,*,,,
.#,,,**,,#....b..........*,,,*,,,
.#,,,,*,,+.....(....#####******+*
.#,,,,*,,#.b...#'####,,,**,,,**,,
.#,,,,*,,#b..(.#...,,,,,,,,,,,*,,
.#,,,**,,#.....#.....,,,,,,,,,*,,
.#########.(..b###'##.,,**,,,****


You could see Edmund, a phantom and a worker ant.

Vanquished Creatures
  A centaur skeleton (D:4)
  A hound (D:4)
  An iguana (D:4)
  2 worker ants (D:4)
  9 adders
  3 gnolls (D:4)
  2 worms
  4 dart slugs
  8 giant geckos
  3 orcs
  2 ball pythons
  7 giant cockroaches
  8 hobgoblins
  5 jackals
  7 bats
  5 giant newts
  8 goblins
  10 kobolds
  2 rats
88 creatures vanquished.

Notes
Turn   | Place    | Note
--------------------------------------------------------------
     0 | D:1      | HungrySpirit the Ogre Arcane Marksman began the quest for the Orb.
     0 | D:1      | Reached XP level 1. HP: 19/19 MP: 2/2
   538 | D:1      | Reached skill level 1 in Maces & Flails
   538 | D:1      | Reached XP level 2. HP: 21/28 MP: 3/3
  1009 | D:1      | Reached skill level 2 in Maces & Flails
  1455 | D:1      | Reached XP level 3. HP: 31/35 MP: 4/4
  1726 | D:1      | Reached skill level 3 in Maces & Flails
  2268 | D:2      | Reached skill level 4 in Maces & Flails
  2268 | D:2      | Reached XP level 4. HP: 38/42 MP: 5/5
  2494 | D:2      | Found a sparkling altar of Nemelex Xobeh.
  2548 | D:2      | Found an oddly glowing altar of Pakellas.
  3165 | D:2      | Reached skill level 5 in Maces & Flails
  3830 | D:3      | Found a stormy altar of Qazlal.
  3830 | D:3      | Noticed an air elemental
  3831 | D:3      | Reached XP level 5. HP: 49/49 MP: 6/6
  3932 | D:3      | Noticed a water elemental
  3935 | D:3      | Noticed a fire elemental
  3995 | D:3      | Found a shimmering altar of Xom.
  4412 | D:3      | Found a glowing golden altar of the Shining One.
  4517 | D:3      | Reached skill level 6 in Maces & Flails
  4893 | D:4      | Reached skill level 7 in Maces & Flails
  4893 | D:4      | Reached XP level 6. HP: 56/57 MP: 7/7
  5338 | D:4      | Reached skill level 8 in Maces & Flails
  5514 | D:4      | Noticed Edmund
  5514 | D:4      | Noticed a phantom
  5556 | D:4      | HP: 2/57 [poisoned by Edmund]
  5557 | D:4      | Mangled by a worker ant

Skill      XL: |  1  2  3  4  5  6 |
---------------+-------------------+-----
Maces & Flails | 1 2 4 5 7 8 |  8.2
Fighting       | |  1.8
Throwing       | |  2.2
Dodging        | |  1.7
Spellcasting   | |  1.2
Hexes          | |  2.1

Action                   |  1- 3 |  4- 6 || total
-------------------------+-------+-------++-------
Melee: Unarmed           |    34 |       ||    34
       Club              |   136 |   220 ||   356
       Flail             |       |   110 ||   110
Throw: Large rock        |    11 |    37 ||    48
       Throwing net      |     2 |     8 ||    10
  Use: Potion            |       |     3 ||     3
       Scroll            |       |     7 ||     7
 Stab: Sleeping          |     2 |       ||     2
       Held in net/web   |     1 |     4 ||     5
  Eat: Chunk             |     3 |    11 ||    14
       Pizza             |       |     1 ||     1
Armor: Robe              |    61 |   106 ||   167
       Skin              |       |    25 ||    25
Dodge: Dodged            |   105 |   190 ||   295
